 Dungeon Crawl Stone Soup version 0.17.0-28-g6e173f8 (webtiles) character file.

1222 PossumBlood the Slasher (level 8, -4/71 HPs)
             Began as a Minotaur Fighter on Dec 2, 2015.
             Was a Follower of Okawaru.
             Slain by a sky beast (6 damage)
             ... on level 6 of the Dungeon.
             The game lasted 00:10:34 (5279 turns).

PossumBlood the Slasher (Minotaur Fighter)          Turns: 5279, Time: 00:10:35

Health: -4/71      AC:  8    Str: 23    XL:     8   Next: 23%
Magic:  7/7        EV:  8    Int:  5    God:    Okawaru [*.....]
Gold:   308        SH: 10    Dex: 10    Spells: 0 memorised, 7 levels left

rFire  . . .     SeeInvis .     a - +0 long sword
rCold  . . .     Clarity  .     b - +0 scale mail
rNeg   . . .     SustAt   .     c - +0 shield
rPois  .         Gourm    .     (helmet restricted)
rElec  .         Spirit   .     (no cloak)
rCorr  .         Warding  .     (no gloves)
rMut   .         Stasis   .     m - +0 pair of boots
MR     .....                    (no amulet)
Stlth  ..........               (no ring)
                                (no ring)

@: lethally poisoned (-4 -> -5), not resistant to hostile enchantments,
extremely unstealthy
A: retaliatory headbutt, hooves 1, horns 2
a: Heroism, Renounce Religion


You were on level 6 of the Dungeon.
You worshipped Okawaru.
Okawaru was aware of your devotion.
You were not hungry.

You visited 2 branches of the dungeon, and saw 7 of its levels.

You collected 308 gold pieces.

Inventory:

Hand Weapons
 a - a +0 long sword (weapon)
 e - a +0 flail of protection
 q - a +0 morningstar
 r - a +0 morningstar
 w - a +0 morningstar
Armour
 b - a +0 scale mail (worn)
 c - a +0 shield (worn)
 m - a +0 pair of boots (worn)
Wands
 j - a wand of cold (14)
 v - a wand of fire (11)
Scrolls
 f - 3 scrolls of identify
 h - 5 scrolls of teleportation
 k - a scroll of magic mapping
 s - a scroll of enchant weapon
 t - 2 scrolls of remove curse
Potions
 d - 2 potions of might
 i - a potion of haste
 u - 2 potions of brilliance
Comestibles
 n - a beef jerky
 o - a meat ration


   Skills:
 + Level 6.5 Fighting
 * Level 7.9 Long Blades
 + Level 6.2 Armour
 + Level 6.3 Shields


You had 7 spell levels left.
You didn't know any spells.

Dungeon Overview and Level Annotations

Branches:
Dungeon (6/15)             Temple (1/1) D:4

Altars:
Dithmenos
Elyvilon
Fedhas
Gozag
Kikubaaqudgha
Makhleb
Okawaru
Qazlal
Ru
Sif Muna
Trog
Xom
Yredelemnul
Zin
The Shining One


Innate Abilities, Weirdness & Mutations

You reflexively headbutt those who attack you in melee.
You have a pair of horns on your head.
You have large cloven feet.


Message History

You block the orc wizard's attack.
You closely miss the orc wizard. You headbutt the orc wizard.
The orc wizard is almost dead.
A sky beast appears from thin air!
Reactivating autopickup.
You block the sky beast's attack.
The orc wizard hits you but does no damage.
You hit the orc wizard.
You kill the orc wizard!
Okawaru accepts your kill.
You feel sick.
The sky beast hits you but does no damage.
You hit the sky beast.
The sky beast is lightly wounded.
The sky beast flickers out of sight!
Deactivating autopickup; reactivate with Ctrl-A.
Something hits you.
* * * LOW HITPOINT WARNING * * *
Something shocks you.
You die...

#..##......#
#..##......####
#......_......#
#####.##......##..#
......##......##..#
###...##....####..#
....#######.####†)#
#.### #.......#
##.#######..#...@.#
#........ #...{)##
##.###.#.#.....>..
#.....[............
.#####.#.#..........
.# ..#.....#.## .#
###....##.# .# #.#.#
.# .#


There were no monsters in sight!

Vanquished Creatures
  An ice beast (D:6)
  A phantom (D:4)
  A sky beast (D:6)
  A giant frog (D:6)
  2 scorpions
  The ghost of Ponchio the Skirmisher, a weakling GrFi (D:3)
  A centaur zombie (D:4)
  6 orc priests
  A giant frog zombie (D:5)
  A hound (D:5)
  2 orc wizards (D:6)
  A centaur skeleton (D:5)
  A worker ant (D:4)
  A giant frog skeleton (D:4)
  Terence (D:3)
  An iguana (D:5)
  4 gnolls (D:5)
  A worker ant zombie (D:4)
  8 adders
  A river rat (D:3)
  A shadow imp (D:5)
  4 worms
  4 giant geckos
  14 orcs
  2 ball pythons
  6 bats
  12 giant cockroaches
  12 goblins
  7 hobgoblins
  2 quokkas
  6 giant newts
  9 jackals
  6 kobolds
  A quokka skeleton (D:4)
  A quokka zombie (D:5)
  10 rats
134 creatures vanquished.

Notes
Turn   | Place    | Note
--------------------------------------------------------------
     0 | D:1      | PossumBlood the Minotaur Fighter began the quest for the Orb.
     0 | D:1      | Reached XP level 1. HP: 19/19 MP: 0/0
   219 | D:1      | Reached XP level 2. HP: 24/27 MP: 1/1
   674 | D:2      | Reached XP level 3. HP: 33/33 MP: 2/2
   767 | D:2      | Reached skill level 4 in Shields
   776 | D:2      | Found a sacrificial altar of Ru.
  1269 | D:2      | Found a bloodstained altar of Trog.
  1426 | D:2      | Found a shimmering altar of Xom.
  1574 | D:3      | Reached XP level 4. HP: 36/40 MP: 3/3
  1724 | D:3      | Noticed Terence
  1733 | D:3      | Killed Terence
  1733 | D:3      | Reached XP level 5. HP: 34/47 MP: 4/4
  1874 | D:3      | Noticed Ponchio's ghost (weakling GrFi)
  1889 | D:3      | HP: 1/47 [Ponchio's ghost (7)]
  1895 | D:3      | Killed Ponchio's ghost
  2545 | D:3      | Reached skill level 5 in Long Blades
  3001 | D:4      | Noticed a phantom
  3033 | D:4      | Killed a phantom
  3033 | D:4      | Reached skill level 5 in Fighting
  3033 | D:4      | Reached XP level 6. HP: 17/56 MP: 5/5
  3192 | D:4      | Found a staircase to the Ecumenical Temple.
  3204 | Temple   | Entered the Ecumenical Temple
  3217 | Temple   | Became a worshipper of Warmaster Okawaru
  3328 | D:4      | Reached skill level 5 in Armour
  3392 | D:4      | Reached skill level 5 in Shields
  3536 | D:4      | Reached skill level 6 in Long Blades
  3730 | D:5      | Entered Level 5 of the Dungeon
  3899 | D:5      | Reached XP level 7. HP: 61/61 MP: 6/6
  4077 | D:5      | Reached * piety under Okawaru
  4597 | D:6      | Reached skill level 7 in Long Blades
  4877 | D:6      | Gained mutation: You have large cloven feet. [potion of mutation]
  4877 | D:6      | Gained mutation: Potions and wands are less effective at restoring your health. [potion of mutation]
  4877 | D:6      | Lost mutation: Potions and wands are less effective at restoring your health. [potion of mutation]
  5151 | D:6      | Reached XP level 8. HP: 61/70 MP: 7/7
  5225 | D:6      | Found a burning altar of Makhleb.
  5276 | D:6      | HP: 3/71 [something (6)]
  5279 | D:6      | Slain by a sky beast

Action                   |  1- 3 |  4- 6 |  7- 9 || total
-------------------------+-------+-------+-------++-------
Melee: Long sword        |   126 |   181 |   145 ||   452
  Use: Scroll            |       |     9 |     1 ||    10
       Potion            |       |     5 |     2 ||     7
  Eat: Royal jelly       |     1 |       |     1 ||     2
       Bread ration      |       |     2 |     1 ||     3
